 Dungeon Crawl Stone Soup version 0.22-a0-40-g3d2f077 (webtiles) character file.

714 theanonym the Grave Robber (level 7, -5/50 HPs)
             Began as a Demigod Necromancer on Jan 4, 2018.
             Killed by divine providence
             ... invoked by an orc priest
              (14 damage)
             ... on level 4 of the Dungeon.
             The game lasted 00:15:07 (5564 turns).

theanonym the Grave Robber (Demigod Necromancer)    Turns: 5564, Time: 00:15:07

Health: -5/50      AC:  8    Str: 11    XL:     7   Next: 18%
Magic:  12/12      EV: 11    Int: 23    God:
Gold:   132        SH:  0    Dex: 16    Spells: 0/9 levels left

rFire    . . .     SeeInvis .   s - staff of earth
rCold    . . .     Gourm    .   (no shield)
rNeg     + . .     Faith    .   f - +2 ring mail {MR+} {7}
rPois    .         Spirit   .   (no helmet)
rElec    .         Reflect  .   (no cloak)
rCorr    .         Harm     .   p - +0 pair of gloves
MR       ++...                  (no boots)
Stlth    +.........             (no amulet)
HPRegen  0.16/turn              v - ring of positive energy {rN+rN+}
MPRegen  0.13/turn              y - ring of protection from magic {MR+}

@: no status effects
A: high mp 1
a: no special abilities


Innate Abilities, Weirdness & Mutations

You have an increased reservoir of magic. (+10% MP)


   Skills:
 + Level 0.0 Fighting
 + Level 3.5 Armour
 - Level 1.7 Dodging
 - Level 1.7 Stealth
 - Level 1.7 Spellcasting
 - Level 2.1 Charms
 + Level 7.0 Necromancy


You couldn't memorise any spells.
You knew the following spells:

 Your Spells              Type           Power        Failure   Level  Hunger
a - Pain                  Necr           ####         1%          1    #......
b - Animate Skeleton      Necr           N/A          1%          1    #......
c - Animate Dead          Necr           N/A          16%         4    #####..
r - Regeneration          Chrm/Necr      ###.......   14%         3    ###....

Skill      XL: |  1  2  3  4  5  6  7 |
---------------+----------------------+-----
Necromancy     | 4 5 6 7 |  7.0
Charms         | 1 2 |  2.1
Armour         | 1 3 |  3.5
Dodging        | |  1.7
Stealth        | |  1.7
Spellcasting   | |  1.7

Action                   |  1- 3 |  4- 6 |  7- 9 || total
-------------------------+-------+-------+-------++-------
Melee: Whip              |       |    98 |     9 ||   107
       Staff             |       |       |    24 ||    24
Throw: Throwing net      |       |     1 |       ||     1
 Cast: Pain              |    40 |    95 |    12 ||   147
       Animate Skeleton  |     1 |     3 |     1 ||     5
       Regeneration      |       |     8 |       ||     8
       Animate Dead      |       |       |     2 ||     2
  Use: Potion            |       |     4 |       ||     4
       Scroll            |       |     5 |       ||     5
 Stab: Sleeping          |       |     1 |       ||     1
  Eat: Chunk             |     3 |    10 |     1 ||    14
       Ration            |       |     1 |       ||     1
Armor: Leather armour    |       |     8 |       ||     8
       Ring mail         |       |    36 |     5 ||    41
Dodge: Dodged            |     2 |   102 |    23 ||   127

Inventory:

Hand Weapons
 i - a +1 whip of freezing
   (You took it off a kobold on level 1 of the Dungeon)
Missiles
 q - 2 throwing nets (quivered)
Armour
 f - a +2 ring mail of magic resistance (worn) {7}
   (You took it off Terence on level 2 of the Dungeon)
 p - a +0 pair of gloves (worn)
   (You found it on level 2 of the Dungeon)
Magical Staves
 s - an uncursed staff of earth (weapon)
   (You found it on level 2 of the Dungeon)
Jewellery
 g - an uncursed ring of fire {rF+ rC-}
   (You found it on level 4 of the Dungeon)
 v - a ring of positive energy (left hand) {rN+rN+}
   (You found it on level 3 of the Dungeon)
 y - a ring of protection from magic (right hand) {MR+}
   (You found it on level 3 of the Dungeon)
Scrolls
 a - a scroll of fear {unknown}
 c - 3 scrolls of remove curse
 d - 2 scrolls of enchant armour
 h - a scroll of amnesia {unknown}
 j - a scroll of blinking {unknown}
 k - 3 scrolls of teleportation {unknown}
 l - a scroll of magic mapping {unknown}
 m - 2 scrolls of noise
 n - 2 scrolls of immolation {unknown}
 r - 2 scrolls of identify
Potions
 o - a potion of curing {unknown}
 t - a potion of cancellation {unknown}
 u - 2 potions of agility {unknown}
 w - 2 potions of berserk rage {unknown}
 x - a potion of invisibility
Books
 b - a book of Necromancy
Comestibles
 e - 8 rations


You were on level 4 of the Dungeon.
You were hungry.

You visited 1 branch of the dungeon, and saw 4 of its levels.

You collected 132 gold pieces.

Dungeon Overview and Level Annotations

Branches:
Dungeon (4/15)             Temple (0/1) D:4

#
#...........##.......#≈≈##..
#
#...........##......##≈≈#.)#
#
#########..###......##≈##..#
######......###.#
#......##≈#..##
............# #.#
#.....#####..#≈
............# #.###.....#
#..#≈ ............#
#..##.....# #..#≈
####'#......####.##.....#
#..#≈
................@.......#
..##≈
####.###.#'####.#.#.....#
..#≈≈ +....#
#.#....#.#.#.....# ..##≈
########.####.#.#.......# #
#≈ ...........<#.#.##......#
## ..........)...#.##oo....#
# ...[..........#.##..#'###
# #.............#.###o#.#
.+............#.# #...#


You could see an orc priest, an orc wizard and an orc.

Notes
Turn   | Place    | Note
-------+----------+-------------------------------------------
     0 | D:1      | theanonym the Demigod Necromancer began the quest for the Orb.
     0 | D:1      | Reached XP level 1. HP: 14/14 MP: 5/5
     2 | D:1      | Learned a level 1 spell: Animate Skeleton
   398 | D:1      | Reached skill level 4 in Necromancy
   579 | D:1      | Reached XP level 2. HP: 20/20 MP: 5/7
  1368 | D:2      | HP: 6/20 [acid (9)]
  1369 | D:2      | Reached XP level 3. HP: 8/26 MP: 2/8
  1607 | D:2      | Found an iron altar of Okawaru.
  1666 | D:2      | Learned a level 3 spell: Regeneration
  1699 | D:2      | Reached skill level 5 in Necromancy
  1721 | D:2      | Noticed Jessica
  1725 | D:2      | Killed Jessica
  1725 | D:2      | Reached XP level 4. HP: 33/33 MP: 6/9
  1759 | D:2      | Noticed Sigmund
  1797 | D:2      | HP: 16/33 [hound (2)]
  1798 | D:2      | HP: 1/33 [something (14)]
  1804 | D:2      | HP: 6/33 [hound (1)]
  1809 | D:2      | HP: 1/33 [something (8)]
  1824 | D:2      | HP: 7/33 [hound (2)]
  1829 | D:2      | HP: 6/33 [hound (1)]
  1839 | D:2      | HP: 8/33 [hound (3)]
  2042 | D:2      | Noticed Natasha
  2047 | D:2      | Killed Natasha
  2206 | D:2      | Found a snail-covered altar of Cheibriados.
  2222 | D:2      | Noticed Terence
  2229 | D:2      | HP: 6/33 [Terence/morningstar (11)]
  2230 | D:2      | Killed Terence
  2230 | D:2      | Reached skill level 1 in Charms
  2230 | D:2      | Reached XP level 5. HP: 7/38 MP: 2/10
  2237 | D:2      | HP: 11/38 [jackal (1)]
  2244 | D:2      | HP: 15/38 [jackal (2)]
  2249 | D:2      | HP: 13/38 [rat (1)]
  2498 | D:2      | Killed Sigmund
  2498 | D:2      | Reached skill level 1 in Armour
  2498 | D:2      | Reached skill level 2 in Charms
  2498 | D:2      | Reached skill level 6 in Necromancy
  2498 | D:2      | Reached XP level 6. HP: 29/45 MP: 4/11
  2858 | D:2      | Noticed Natasha
  2869 | D:2      | Killed Natasha
  3096 | D:2      | Noticed Natasha
  3104 | D:2      | Killed Natasha
  3104 | D:2      | Reached skill level 2 in Armour
  3995 | D:3      | HP: 20/45 [orc/club (5)]
  4244 | D:3      | Found a faded altar of an unknown god.
  4600 | D:4      | Reached skill level 3 in Armour
  4613 | D:4      | HP: 18/45 [orc/hand axe (5)]
  4615 | D:4      | Reached XP level 7. HP: 20/50 MP: 0/12
  4817 | D:4      | Learned a level 4 spell: Animate Dead
  4866 | D:4      | Found a staircase to the Ecumenical Temple.
  4886 | D:4      | Reached skill level 7 in Necromancy
  5559 | D:4      | HP: 18/50 [orc wizard/puff of frost (15)]
  5564 | D:4      | Killed from afar by an orc priest

Vanquished Creatures
  Sigmund (D:2)
  2 ogres (D:4)
  2 hounds
  A jelly (D:2)
  An orc wizard (D:3)
  An iguana (D:3)
  Jessica (D:2)
  Natasha (thrice) (D:2)
  Terence (D:2)
  A hound skeleton (D:4)
  An adder (D:3)
  An ooze (D:3)
  A worm (D:4)
  2 leopard geckos
  20 orcs
  3 ball pythons
  4 giant cockroaches
  9 goblins
  10 hobgoblins
  3 jackals (D:2)
  12 kobolds
  A quokka (D:3)
  3 bats
  6 frilled lizards
  11 rats
101 creatures vanquished.

Table legend:
 A = Turns spent in this place as a percentage of turns spent in the entire game.
 B = Non-inter-level travel turns spent in this place as a percentage of non-inter-level travel turns spent in the entire game.
 C = Inter-level travel turns spent in this place as a percentage of turns spent in this place.
 D = Turns resting spent in this place as a percentage of non-inter-level travel turns spent in this place.
 E = Turns spent auto-exploring this place as a percentage of non-inter-level travel turns spent in this place.
 F = Non-inter-level travel turns spent in this place divided by the number of levels of this place that you've seen.
                   A       B       C       D       E      F
               +-------+-------+-------+-------+-------+----------------------
         Total | 100.0 | 100.0 |   3.5 |  35.8 |  50.0 | 1342.5
       Dungeon | 100.0 | 100.0 |   3.5 |  35.8 |  50.0 | 1342.5
               +-------+-------+-------+-------+-------+----------------------
